 Dungeon Crawl Stone Soup version 0.27.1-15-g792fb953b9 (webtiles) character file.

Game seed: 14901581234784711750

2 croobank the Sneak (level 1, -2/18 HPs)
             Began as a Demigod Delver on Nov 20, 2021.
             Slain by an adder (4 damage)
             ... on level 5 of the Dungeon.
             The game lasted 00:00:31 (25 turns).

croobank the Sneak (Demigod Delver)                   Turns: 25, Time: 00:00:32

Health: -2/18      AC:  3    Str: 13    XL:     1   Next: 20%
Magic:  3/3        EV: 11    Int: 12    God:
Gold:   0          SH:  0    Dex: 15    Spells: 0/0 levels left

rFire    . . .     SeeInvis .   a - +0 hand axe
rCold    . . .     Faith    .   (no shield)
rNeg     . . .     Spirit   .   b - +0 leather armour
rPois    .         Reflect  .   (no helmet)
rElec    .         Harm     .   (no cloak)
rCorr    .         Rampage  .   (no gloves)
Will     .....                  (no boots)
Stlth    +++.......             (no amulet)
HPRegen  0.06/turn              (no ring)
MPRegen  0.08/turn              (no ring)

@: lethally poisoned (-2 -> -8), hasted, very quick
A: high mp 1, forlorn
a: no special abilities


You were on level 5 of the Dungeon.
You visited 1 branch of the dungeon, and saw 1 of its levels.

Inventory:

Hand Weapons
 a - a +0 hand axe (weapon)
Armour
 b - a +0 leather armour (worn)
Wands
 g - a wand of digging (3)
Scrolls
 c - a scroll of fog
 d - a scroll of magic mapping
 e - a scroll of fear


   Skills:
 + Level 2.7 Fighting
 + Level 1.7 Axes
 + Level 1.7 Dodging
 + Level 4.6 Stealth


You couldn't memorise any spells.
You didn't know any spells.
Your spell library was empty.

Dungeon Overview and Level Annotations

Branches:
Dungeon (5/15)
 Temple: D:4-7


Innate Abilities, Weirdness & Mutations

Your attributes grow dramatically as you level up.
You have an increased reservoir of magic. (+10% MP)
You shall have no god before yourself.


Message History

Welcome, croobank the Demigod Delver.
It is said that the Orb of Zot exists deep within this dungeon.
Press ? for a list of commands and other information.
Found a stone staircase leading down.
An orc comes into view. It is wielding a +0 dagger.
Found a scroll labelled PIQIPO WOJEPHO and a scroll labelled DUIMIS HILUBLEXT.
An adder comes into view.
The adder hisses angrily.
You barely miss the adder. The adder bites you.
You barely miss the adder. The adder barely misses you. The adder misses you.
You closely miss the adder. The adder bites you but does no damage.
You barely miss the orc. You miss the adder.
The adder bites you but does no damage. The adder barely misses you.
The orc hits you with a +0 dagger.
You barely miss the orc. You barely miss the adder.
The adder completely misses you. The orc closely misses you.
You hit the orc.
The orc is severely wounded.
You barely miss the adder. The adder barely misses you.
The orc hits you with a +0 dagger. The adder bites you.
You are poisoned.
The adder poisons you!
You slash the orc!
You kill the orc!
You closely miss the adder.
You feel sick. The adder bites you.
You are lethally poisoned!
The adder poisons you! The adder misses you.
You slash the adder!
The adder is severely wounded.
* * * LOW HITPOINT WARNING * * *
You feel sick. The adder bites you.
* * * LOW HITPOINT WARNING * * *
You feel yourself speed up.
* * * LOW HITPOINT WARNING * * *
You feel sick. The adder bites you.
You die...

######......#####..#
#.............#
#.............#
#.............#
#................
#................
###................
...................
#......@)..........
#......S.......?..
#...............#
+.......#########
#...###.# #... #.#
#.. #.# #. #.#


You could see an adder.

Vanquished Creatures
  An orc (D:5)
1 creature vanquished.

Notes
Turn   | Place    | Note
-------+----------+-------------------------------------------
     0 | D:5      | croobank the Demigod Delver began the quest for the Orb.
     0 | D:5      | Reached XP level 1. HP: 18/18 MP: 3/3
    25 | D:5      | Slain by an adder

Illustrated notes

Levels and vault maps discovered:
D:5:      corexii_shantytown, layout_basic, minmay_temple_entry_gardened_gates,
          serial_corexii_hall, chequers_hall_statues_wall_a,
          corexii_hall_statues_i, ebering_ghost_gozag

Action                   || total
-------------------------++-------
Melee: Hand axe          ||     8
  Use: Potion            ||     1
Armor: Leather armour    ||     2
Dodge: Dodged            ||     7
